[Event "FIDE WSCC 65 2022"]
[Site "Assisi"]
[Date "2022.11.24"]
[Round "9.9"]
[White "Roos, Jean-Luc"]
[Black "Bogdanov, Valentin"]
[Result "0-1"]
[ECO "A16"]
[WhiteElo "2195"]
[BlackElo "2323"]
[Annotator "TA"]
[PlyCount "132"]
[EventDate "2022.11.14"]
[EventType "swiss"]
[EventCountry "ITA"]
[SourceTitle "playchess.com"]
[Source "ChessBase"]
[SourceQuality "1"]
[TimeControl "40/5400+30:1800+30"]

1. c4 Nf6 2. Nc3 d5 3. cxd5 Nxd5 4. g3 g6 5. Bg2 Nb6 6. d3 Bg7 7. Be3 Nc6 8. Qc1 {[%emt 0:06:07] A16: English Opening: 1...Nf6 with ...d5.} Nd4 9. Nf3 Nf5 10. Bd2 {[%emt 0:02:16] White is slightly better.} (10. Bf4 $5 ) 10... c6 11. h4 h5 12. O-O O-O {[%emt 0:02:17] [#]} 13. a4 $146 ({Predecessor:} 13. Ne4 Nd5 14. Rb1 a5 15. Bc3 Nxc3 16. bxc3 Nd6 17. Nfd2 a4 18. Nxd6 exd6 19. d4 {½-½ (34) Tello Chavez,I (2254)-Soto,M (2347) Mexico City 2021}) 13... a5 14. e4 Nd4 15. Nxd4 Qxd4 16. Be3 Qd8 17. Qc2 Nd7 18. Rad1 Ne5 19. d4 Nc4 (19... Ng4 $1 $11 {keeps the balance.}) 20. Bc1 $36 {[%emt 0:01:04][%mdl 2048] White has some pressure.} Bg4 (20... Bxd4 $2 21. Ne2 c5 22. Qxc4 $18) 21. Ne2 Nb6 22. f3 Be6 23. b3 {[%emt 0:00:18] Against Bc4} Qd6 24. Kh2 Rfd8 25. Be3 Qb4 (25... Nd7 $142) 26. Rd3 $16 Nd7 27. Rb1 (27. Nf4 $142) 27... Nf8 28. Bd2 Qb6 29. b4 (29. Bg5 $16) 29... Qa6 (29... axb4 $11 30. Rxb4 Qa6) 30. b5 (30. bxa5 $2 Bc4 31. Nc1 Bxd3 32. Nxd3 Ne6 $19) 30... cxb5 31. axb5 (31. Rxb5 Rac8 32. Qb2 (32. Rc3 Bd7 $17) 32... Bd7 $15) 31... Qb6 32. Qa4 Rdc8 33. d5 Bd7 34. Be3 Qd8 35. Bd4 (35. Rd2 {simplifies} Qe8 36. f4 e5 37. dxe6 Nxe6 38. e5) 35... Bxd4 36. Qxd4 Rc2 37. Rb2 {[%emt 0:01:26] [#]} ({White should try} 37. Qe3 $1 $11) 37... Rxe2 $1 $15 38. Rxe2 Bxb5 39. Rb2 Bxd3 40. Qxd3 Nd7 {[%emt 0:02:30][%cal Bf8d7,Bd7c5,Bc5e4][%mdl 32] Prevents e5.} 41. Qb5 b6 42. f4 {[%emt 0:03:32] Against Ne5} a4 43. e5 {[%emt 0:03:43] Prevents Nf6.} Ra5 44. Qb4 Nc5 45. d6 {[%emt 0:00:00] White is now going downhill.} (45. Re2 $15) 45... exd6 $19 46. Rd2 a3 {[%emt 0:00:00] Strongly threatening ...a2.} 47. Bd5 {[%emt 0:00:00] [#] Prevents a2.} (47. Qb1 $142) 47... Kg7 $1 {[%emt 0:00:00] Threatens to win with ...dxe5.} 48. Ba2 Ra4 49. Qb5 Ne4 (49... Qe7 $19 50. e6 fxe6 51. Qxb6 Ra7) 50. Rd3 $2 (50. Qxa4 $17 {might work better.} Nxd2 51. Qa7) 50... Ra5 $2 (50... Qa8 $19 {and Black stays clearly on top. Hoping for ...Nf2.} 51. Qb3 Kh6 52. Qxf7 Ra7) 51. Qb4 $2 {[%emt 0:00:00][%mdl 8192] [#]} (51. Qc4 $17 f5 52. exd6) 51... Qc7 $1 52. Qxe4 (52. Qc4 Qxc4) 52... Qc2+ (52... dxe5 53. Re3 exf4 54. Qd4+ Kh7 55. Re8 Qc2+ 56. Kh3 Qf5+ 57. Kh2 Qc2+ 58. Kh3 Qf5+ 59. Kh2 Qc2+ $11) 53. Kh3 Qxa2 54. exd6 {[%emt 0:00:26][%mdl 4096] Endgame KQR-KQR} Qb2 $2 ({Inferior is} 54... Qf2 55. d7 a2 56. Rd1 $17) (54... Rb5 {( -> ...Rb2)} 55. Rd1 Rb2) 55. d7 a2 {[%emt 0:00:00] The board is on fire.} 56. Rd1 (56. d8=R a1=Q 57. Qg2 Qxg2+ 58. Kxg2 Qe1 59. Rd2 Ra3 60. R8d3 Rxd3 61. Rxd3 Qe2+ 62. Kg1 Qxd3 63. f5 Qe2 64. Kh1 Qf1+ 65. Kh2 gxf5 66. g4 fxg4 67. Kg3 Kf6 68. Kh2 Kf5 69. Kg3 Qg1#) 56... Qf6 57. Ra1 $2 (57. d8=Q $19 Qxd8 58. Rxd8) 57... Ra7 $2 (57... Qxa1 {mates} 58. d8=Q Qf1+ 59. Kh2 Qf2+ 60. Qg2 Qxg2+ 61. Kxg2 a1=Q 62. Qd2 Ra2 63. Qxa2 Qxa2+ 64. Kf3 Qd2 65. Ke4 f5+ 66. Kf3 Kh7 67. g4 hxg4+ 68. Kg3 Kh6 69. h5 gxh5 70. Kh4 Qh2#) 58. Qg2 $2 (58. Qe5 Qxe5 59. fxe5 Rxd7 60. Rxa2) 58... Qf5+ (58... Qxa1 $142 59. d8=Q Qc3) 59. Kh2 Qxd7 {[%emt 0:00:02] ...Qe6 is the strong threat.} ({Worse is} 59... Rxd7 60. Qb2+ Kh7 61. Rxa2 $17) 60. Rxa2 Rxa2 61. Qxa2 {[%emt 0:00:06] KQ-KQ} Qd4 {[%emt 0:00:27] Prevents Qb2.} (61... Kg8 $142 62. Qa8+ Kh7) 62. Qa7 $2 (62. Qe2) 62... Qf2+ {[%emt 0:01:10] Black is clearly winning.} 63. Kh3 Qf1+ (63... Qg1 $142 64. Qb7 b5) 64. Kh2 b5 {[%emt 0:00:26] White must now prevent ...Qe2+.} 65. Qd4+ Kh7 66. Qf6 Qc4 {[%emt 0:00:10] Weighted Error Value: White=0.68/Black=0.43} 0-1

[Event "FIDE WSCC 65 2022"]
[Site "Assisi"]
[Date "2022.11.24"]
[Round "9.10"]
[White "Lanc, Alois"]
[Black "Gruzmann, Boris"]
[Result "0-1"]
[ECO "C74"]
[WhiteElo "2268"]
[BlackElo "2156"]
[Annotator "TA"]
[PlyCount "64"]
[EventDate "2022.11.14"]
[EventType "swiss"]
[EventCountry "ITA"]
[SourceTitle "playchess.com"]
[Source "ChessBase"]
[SourceQuality "1"]
[TimeControl "40/5400+30:1800+30"]

1. e4 e5 2. Nf3 Nc6 3. Bb5 a6 4. Ba4 d6 5. c3 f5 6. exf5 Bxf5 7. O-O Bd3 8. Re1 Be7 9. Qb3 {[%emt 0:03:28] C74: Ruy Lopez: Deferred Steinitz: 5 c3 f5.} Rb8 10. Qd5 e4 {[%emt 0:00:21] is the legacy move (10...Bf5).} 11. Bb3 $1 {[%emt 0:04:44] Intending Qf7+ and mate. White is better.} (11. Bxc6+ bxc6 12. Qxc6+ Qd7 $15) 11... Nh6 {[%emt 0:02:12] Prevents Qf7+.} 12. Ng5 Ne5 $14 (12... Bxb1 $2 13. Ne6 (13. Nxe4 Bxe4 14. Rxe4 Ne5 $14) 13... Qd7 14. Rxb1 $18) 13. Nxe4 Rf8 $1 {[%emt 0:10:22] [#]} 14. Na3 $146 ({Predecessor:} 14. Ng3 c6 15. Qd4 c5 16. Qd5 c4 17. Bd1 b5 18. h3 Qb6 19. Qd4 Bg6 20. Qxb6 Rxb6 {0-1 (41) Staebeler,P-Vanderploeg,J ICCF corr 1990}) 14... Nhg4 (14... Rf5 $1 $11) 15. Bc2 (15. h3 $16 Nf6 16. Nxf6+ Rxf6 17. Nc4) 15... Rf5 16. Qg8+ (16. Bxd3 Nf3+ $1 17. gxf3 Rxd5 $17) ({Only move:} 16. Qe6 $16 Qd7 17. Qxd7+ (17. Ba4 b5 $17) 17... Kxd7 18. h3) 16... Rf8 $11 17. Qxh7 Nxf2 {[%emt 0:05:01][%mdl 64] Hoping for ...Qd7.} 18. Bxd3 (18. Qxg7 $11 Bf6 19. Nxf6+ Qxf6 20. Qxf6 (20. Qxc7 Nh3+ 21. gxh3 Rg8+) 20... Rxf6 21. Nc4 $1) 18... Nfxd3 $17 19. Re3 (19. Rf1 $2 d5 20. Rxf8+ Bxf8 $19) 19... d5 {[%emt 0:05:21] Black is more active.} (19... Qd7 $17 {aiming for ...Qg4.} 20. Ng3 Qg4 21. Qh5+ Qxh5 22. Nxh5 Bg5) 20. Nf2 Bc5 $2 (20... Nxf2 21. Rxe5 Qd7 22. h3 $18 (22. Qxg7 Ng4 $16)) (20... Rxf2 $15 {stays ahead.} 21. Rxe5 Nxe5 22. Kxf2 Bxa3 23. bxa3 (23. Qh5+ Kd7 $15) 23... Qf6+ 24. Kg1 Kd7 25. Qh3+ Kc6) 21. Qh5+ $4 (21. Nxd3 Qf6 $1 22. h3 Bxe3+ 23. dxe3 Qf1+ 24. Kh2 Nxd3 $17) (21. Qg6+ $2 Kd7 22. Qxg7+ Rf7 $19) (21. Qxd3 $18 {was the only winning move.} Qf6 22. Qe2 $1 Bxe3 23. dxe3 (23. Qxe3 Kd7 $11)) 21... Kd7 $19 {[%emt 0:03:16] The board is on fire.} 22. Qh3+ $2 (22. Nxd3 Nxd3 23. Qxd5+ Kc8 24. Qxd8+ Rxd8 25. Nc2) 22... Kd6 23. Rxd3 Nxd3 24. Qxd3 Bxf2+ (24... Rxf2 25. Qg3+ Kc6 26. d4 $16 (26. Qxg7 Qe8 27. Qh6+ Rf6+)) 25. Kh1 Qf6 (25... Qe8 $142 {( -> ...Qe1+)} 26. Nc4+ Kc6) 26. b3 Rbe8 27. Bb2 Re1+ 28. Rxe1 Bxe1 29. Nc4+ Kd7 30. Ne3 {[%emt 0:01:21] [#] Against Qf1+} (30. Qxd5+ $2 Kc8 31. Qf3 Qe7 32. Qg4+ Kb8) 30... Bxd2 $1 31. Ba3 {[%emt 0:01:51][%cal Oa3f8] [#]} (31. Qxd2 $2 Qf1+ $3 32. Nxf1 Rxf1#) 31... Bxe3 $2 ({Less strong is} 31... Bxc3 32. Bxf8 d4 33. Ba3 $18) (31... Rf7 $1 $19 {has better winning chances.} 32. Bc5 (32. Qxd2 $2 {is a self mate.} Qf1+ 33. Nxf1 Rxf1#) (32. Qxd5+ $2 {is the wrong capture.} Kc8 $19) 32... Bxc3 33. Qxd5+ Kc8) 32. Bxf8 $17 {[%emt 0:00:18] [#]} Qf2 $1 {[%emt 0:00:58] Weighted Error Value: White=1.02/Black=0.88} 0-1

[Event "FIDE WSCC 65 2022"]
[Site "Assisi"]
[Date "2022.11.24"]
[Round "9.11"]
[White "Luciani, Carlo"]
[Black "Chapman, Terry P D"]
[Result "1-0"]
[ECO "B15"]
[WhiteElo "2187"]
[BlackElo "2216"]
[Annotator "TA"]
[PlyCount "137"]
[EventDate "2022.11.14"]
[EventType "swiss"]
[EventCountry "ITA"]
[SourceTitle "playchess.com"]
[Source "ChessBase"]
[SourceQuality "1"]
[TimeControl "40/5400+30:1800+30"]

1. e4 c6 2. Nc3 d5 3. Nf3 dxe4 4. Nxe4 Nf6 5. Nxf6+ exf6 6. d4 Bd6 7. Be2 O-O 8. O-O Re8 9. c4 {[%emt 0:01:51] B15: Caro-Kann: 3 Nc3: 3...g6 and 3...dxe4 4 Nxe4 Nf6 5 Nxf6+ exf6.} Nd7 10. Bd2 Nf8 11. Re1 {[%emt 0:01:24] [#] The position is equal.} Bd7 $146 ({Predecessor:} 11... Be6 12. Qb3 Rb8 13. a4 Ng6 14. Bf1 a6 15. a5 Qc7 16. Bb4 Bxb4 17. Qxb4 Bg4 18. Rxe8+ Rxe8 {½-½ (32) Sibajeva,M (2060)-Stepins,E (2277) Riga 2020}) 12. Qc2 b5 13. b3 (13. h3 {keeps more tension.} bxc4 14. Bxc4 Rb8 15. Rxe8 Qxe8 16. Rc1) 13... Rc8 14. h3 Bb8 15. Bf1 bxc4 16. Rxe8 Bxe8 17. bxc4 Ne6 18. Bc3 Qc7 19. g3 Bd7 20. Bg2 h5 21. Qd2 (21. Re1 {looks sharper.} c5 22. d5 Nd4 23. Qd2) 21... c5 22. Ba5 Qd6 23. d5 Nf8 24. Bc3 $36 {[%emt 0:10:23][%mdl 2048] White has some pressure.} Ng6 25. h4 Re8 26. Re1 Rxe1+ 27. Qxe1 f5 28. Qa1 f6 ({Black should try} 28... f4 $15 29. Be1 (29. Bxg7 fxg3 30. Qf6 gxf2+ 31. Kf1 Bg4 $15) 29... Bf5) 29. Qb1 $14 Kf7 {[%emt 0:05:27] [#]} (29... Qb6 $14 30. Qc2 Qd8) 30. Bh3 $1 $16 Ne7 31. Bd2 {[%emt 0:02:13] Hoping for Bf4. White is much more active.} Qb6 32. Qc1 Ng6 33. Qc2 Ne7 34. Ne1 Bd6 35. Nd3 Qc7 36. Bf4 Bxf4 37. Nxf4 (37. gxf4 $6 Ng6 $14) 37... g6 (37... g5 $16) 38. Qd2 $18 Nc8 39. Nd3 {[%emt 0:00:36] Qh6 is the strong threat.} Kg7 {[%emt 0:01:07] Against Qh6+} (39... Be8 40. Bf1 Nd6) 40. Qe3 Qa5 (40... f4 {is a better defense.} 41. Nxf4 (41. gxf4 Bxh3 42. Qxh3 Nd6 $14) 41... Bxh3) 41. Qxc5 ({Not} 41. Nxc5 f4 42. Ne6+ (42. Qxf4 Bxh3 43. Ne4 Bf5 $17) 42... Bxe6 43. Qxe6 fxg3 44. Qd7+ (44. Qxc8 $2 {leads to mate.} Qe1+ 45. Bf1 Qxf2+ 46. Kh1 Qxf1#) (44. fxg3 Qc5+ 45. Kh2 f5 $18) 44... Kh6 $18) 41... Qxc5 42. Nxc5 {[%emt 0:00:00][%mdl 4096] Endgame KBN-KBN} Nb6 43. f4 Kf7 44. Bf1 Ke7 45. Kf2 Kd6 46. Nb7+ (46. Nb3 $142 Nxd5 47. cxd5) 46... Kc7 {[%emt 0:00:31] [#]} 47. Na5 Na4 $2 {[%emt 0:00:20] A mistake that costs the game.} (47... Ba4 $16 48. Ke3 Nd7) 48. Ke3 Nc5 49. Nb3 Ne4 50. c5 Ba4 51. Kd4 Nxg3 52. Bd3 Be8 53. d6+ Kc8 54. Na5 Ne4 55. Bxe4 fxe4 56. Kxe4 {[%emt 0:00:00] Strongly threatening c6. KB-KN} Kd7 57. Nb3 Bf7 58. Nc1 Kc6 59. Kd4 a5 60. a3 Be6 61. Nd3 Kb5 62. Nf2 g5 63. fxg5 {[%emt 0:00:10] White mates.} fxg5 64. hxg5 h4 65. g6 Kc6 66. g7 Kd7 67. Ke5 Bg8 68. Kf6 Bd5 69. Kg5 {[%emt 0:00:32] Weighted Error Value: White=0.14 (very precise) /Black=0.40} 1-0

[Event "FIDE WSCC 65 2022"]
[Site "Assisi"]
[Date "2022.11.24"]
[Round "9.12"]
[White "De Jong, Tom"]
[Black "Madebrink, Lars"]
[Result "1/2-1/2"]
[ECO "B01"]
[WhiteElo "2216"]
[BlackElo "2084"]
[Annotator "TA"]
[PlyCount "144"]
[EventDate "2022.11.14"]
[EventType "swiss"]
[EventCountry "ITA"]
[SourceTitle "playchess.com"]
[Source "ChessBase"]
[SourceQuality "1"]
[TimeControl "40/5400+30:1800+30"]

1. e4 d5 2. exd5 Nf6 3. d4 Bg4 4. Nf3 Nxd5 5. c4 Nb6 6. Be2 e6 7. Nc3 Be7 8. h3 Bh5 9. Be3 Nc6 10. O-O O-O 11. b3 a5 12. a4 {[%emt 0:17:47] [#] B01: Scandinavian Defence.} Nd7 $146 ({Predecessor:} 12... Bg6 13. Bd3 Bxd3 14. Qxd3 Nb4 15. Qe2 Nc8 16. Rad1 c6 17. Rd2 Bd6 18. Ne4 Bc7 19. Nfg5 h6 {½-½ (40) Kutuzovic,B (2405)-Zelcic,R (2495) Tucepi 1996}) 13. Nb5 Bf6 (13... Nb4 {looks sharper.} 14. Ne5 Bxe2 15. Qxe2 c6) 14. Rc1 {[%emt 0:01:22] White is slightly better.} Bg6 15. Bf4 e5 16. dxe5 Ncxe5 17. Nxe5 Nxe5 18. Qxd8 Raxd8 19. Be3 (19. Nxc7 $14 Nd3 20. Bxd3 Rxd3 21. Nd5) 19... c6 $15 {[%emt 0:01:07][%cal Oe5d3] [#] Threatens to win with ...Nd3!} 20. Nd4 Ng4 21. Bxg4 $11 {[%emt 0:01:48] aiming for Rfd1.} Bxd4 22. Bf4 Bb2 23. Rcd1 Bc3 24. Bd6 Rfe8 25. c5 (25. Bf4 $11) 25... Be4 26. Bf3 Bxf3 27. gxf3 Bb4 28. Rd3 (28. Bc7 $17 {keeps fighting.} Rxd1 29. Rxd1) 28... Bxc5 $19 29. Rfd1 Bb6 30. Kf1 f6 31. f4 f5 32. b4 axb4 33. Bxb4 Rxd3 34. Rxd3 {[%emt 0:00:01][%mdl 4096] Endgame [#] KRB-KRB} Re4 (34... Rd8 $142 $1 35. Rb3 Rd7) 35. Rb3 $17 Bc7 {[%emt 0:00:00] Prevents Bd6.} 36. Bc3 $1 b6 ({But not} 36... Rxf4 37. Rxb7 Bd6 38. Rxg7+ (38. Bxg7 Rxa4 39. Bf6 h5 $15) 38... Kf8 39. a5 $11 (39. Rxh7 Rxa4 40. h4 Rc4 $11)) 37. Be5 $1 Bxe5 38. fxe5 Rxa4 {[%emt 0:00:13] Hoping for ...b5.} 39. Rxb6 $15 {[%emt 0:00:08] KR-KR} Re4 40. Rxc6 Rxe5 41. Kg2 Kf7 42. Ra6 Re6 43. Ra7+ Kf6 44. Rb7 Ra6 45. Rc7 h5 46. Rb7 h4 (46... Ra4 $17 47. Rb6+ Kg5) 47. Rb8 (47. Rb4 $1 $11) 47... Kg5 48. Rb7 g6 49. Rh7 Ra4 50. Rf7 Kf4 51. Rh7 g5 52. Rh8 Ra3 53. Rb8 g4 ({Black should try} 53... Rd3 $17 54. Rb4+ Ke5 55. Rb5+ Ke4 56. Rb4+ Rd4) 54. Rb4+ Kg5 55. hxg4 h3+ $1 56. Kh2 fxg4 (56... f4 $1 $15) 57. Rb8 {[%emt 0:01:08] The position is equal.} Ra5 58. Kg3 Ra3+ 59. Kh2 Rf3 60. Kg1 Rf5 61. Ra8 Re5 62. Kh2 Rf5 63. Kg1 Rd5 64. Kh2 Rd1 65. Rg8+ Kf4 66. Rf8+ Ke4 67. Rf7 Rd3 68. Kg1 Rf3 69. Re7+ Kd3 70. Rd7+ Kc2 71. Rd4 h2+ 72. Kxh2 {[%emt 0:00:12] Black must now prevent Kg2.} Rxf2+ {[%emt 0:00:07] White happily takes the draw.   Weighted Error Value: White=0.18 (very precise) /Black=0.17 (very precise)} 1/2-1/2

[Event "FIDE WSCC 65 2022"]
[Site "Assisi"]
[Date "2022.11.24"]
[Round "9.13"]
[White "Chan, Peng Kong"]
[Black "Koehler, Gerhard"]
[Result "1/2-1/2"]
[ECO "A37"]
[WhiteElo "2149"]
[BlackElo "2198"]
[Annotator "TA"]
[PlyCount "82"]
[EventDate "2022.11.14"]
[EventType "swiss"]
[EventCountry "ITA"]
[SourceTitle "playchess.com"]
[Source "ChessBase"]
[SourceQuality "1"]
[TimeControl "40/5400+30:1800+30"]

1. Nf3 c5 2. c4 g6 3. Nc3 Bg7 4. g3 Nc6 5. Bg2 d6 6. a3 e5 7. O-O Nge7 8. b4 O-O 9. Rb1 h6 10. d3 f5 11. Bd2 Rb8 12. b5 {[%emt 0:06:30] A37: Symmetrical English vs ...g6: 4 Bg2 Bg7 5 Nf3.} Nd4 13. e3 Ne6 {[%emt 0:08:07] [#]} 14. Qa4 $146 {[%emt 0:06:27] White has an edge.} ({Predecessor:} 14. Ne1 b6 15. f4 Bb7 16. Bxb7 Rxb7 17. Qf3 Rd7 18. Nd5 Kh7 19. Nc2 Nc7 20. e4 {1-0 (47) Janik,G-Klient,G Poland 1999}) 14... Ra8 15. Ne1 Nc7 16. Qb3 Kh7 17. f4 Ng8 18. Nf3 exf4 19. exf4 Ne6 20. Rbe1 Nf6 21. Kh1 {[%emt 0:00:29] White is more active.} Bd7 22. Re2 Qc7 23. Rfe1 Rae8 24. a4 Nd8 25. Be3 ({Of course not} 25. Re7 Rxe7 26. Rxe7 Ne6 $15) 25... Be6 26. Bg1 Bf7 27. Nd2 Rxe2 28. Rxe2 Ne6 29. Nf3 Re8 30. Rb2 Qa5 31. Re2 Qd8 (31... Ng4 {keeps more tension.} 32. Nd5 Nd4 33. Nxd4 Rxe2 34. Nxe2 Qe1) 32. Qd1 Qa5 33. Qb3 Qc7 (33... Ng4 {looks sharper.} 34. Nd5 Nd4 35. Nxd4 Rxe2 36. Nxe2 Qe1) 34. Qd1 {[%emt 0:00:06] The position is equal.} Rd8 35. Qe1 Re8 36. Nd5 Qd8 37. Nxf6+ Bxf6 38. a5 Ng7 39. Rxe8 Nxe8 40. Be3 Kg7 41. Bd2 Nc7 {[%emt 0:33:44] Weighted Error Value: White=0.12 (very precise) /Black=0.09 (flawless)} 1/2-1/2

[Event "FIDE WSCC 65 2022"]
[Site "Assisi"]
[Date "2022.11.24"]
[Round "9.14"]
[White "Pomes Marcet, Joan"]
[Black "Peter, Steven"]
[Result "1-0"]
[ECO "B14"]
[WhiteElo "2197"]
[BlackElo "2035"]
[Annotator "TA"]
[PlyCount "79"]
[EventDate "2022.11.14"]
[EventType "swiss"]
[EventCountry "ITA"]
[SourceTitle "playchess.com"]
[Source "ChessBase"]
[SourceQuality "1"]
[TimeControl "40/5400+30:1800+30"]

1. d4 d5 2. c4 e6 3. Nc3 c5 4. e3 Nf6 5. Nf3 a6 6. cxd5 exd5 7. Be2 Nc6 8. O-O cxd4 9. exd4 Be7 10. Bg5 O-O 11. Ne5 Be6 (11... Re8 {feels hotter.} 12. Rc1 Bf5 13. Bf3 h6) 12. Nxc6 {[%emt 0:04:06] B14: Caro-Kann: Panov-Botvinnik Attack with 5...e6 and 5...g6.} bxc6 {[%emt 0:00:03] [#]} 13. Na4 $146 ({Predecessor:} 13. b3 Qc7 14. Qd3 a5 15. Bh4 Rac8 16. Bg3 Qd7 17. Na4 Qa7 18. Be5 Bd7 19. Qa6 Qa8 {1-0 (38) Gara,T (2245)-Huynh Mai Phuong,D Oropesa del Mar 1998}) 13... h6 14. Be3 {[%emt 0:05:11] White is slightly better.} a5 15. Rc1 Bd7 16. Nc5 Be8 (16... Bxc5 $11 17. Rxc5 Qb6) 17. Bf4 Ne4 18. Nxe4 dxe4 19. Bc4 Qb6 (19... Kh8 $11 {keeps the balance.}) 20. Rc3 (20. Qe2 $16) 20... Bd7 (20... Kh7 $1 $14) 21. Rb3 $16 Qd8 22. Be5 ({White should try} 22. Qh5 $1 $16) 22... Kh7 23. Qe2 Bf5 24. Rd1 f6 (24... Bd6 $14) 25. Bg3 $1 {[%emt 0:03:09] d5 is the strong threat. White has more active pieces.} Bd6 26. Bxd6 Qxd6 27. Rc3 Rfe8 28. h3 Bg6 29. h4 h5 (29... a4 $11) 30. Qe3 ({White should play} 30. d5 $1 $14 c5 31. Bb5) 30... a4 $11 31. Be2 Rab8 32. Rd2 Red8 (32... Bf7 $11) 33. Rc5 $16 f5 {[%emt 0:00:37] [#]} 34. Qg5 $1 a3 {[%emt 0:07:23] [#]} (34... Qf6 $16 {might work better.}) 35. b3 $1 $18 ({Don't take} 35. bxa3 Rb1+ 36. Rd1 Rdb8 $16) 35... Rb4 (35... Qf6 {keeps fighting.}) 36. Bxh5 Bxh5 37. Qxh5+ Kg8 38. Qxf5 Rxd4 $2 (38... Re8 $18 39. Ra5 Qh6) 39. Rxd4 Qxd4 40. Qe6+ {[%emt 0:00:00] Weighted Error Value: White=0.13 (very precise) /Black=0.51} ({Less strong is} 40. Rxc6 e3 $18) 1-0

[Event "FIDE WSCC 65 2022"]
[Site "Assisi"]
[Date "2022.11.24"]
[Round "9.15"]
[White "Frick, Christoph"]
[Black "Sideifzade, Fikret"]
[Result "0-1"]
[ECO "A45"]
[WhiteElo "2118"]
[BlackElo "2391"]
[Annotator "TA"]
[PlyCount "122"]
[EventDate "2022.11.14"]
[EventType "swiss"]
[EventCountry "ITA"]
[SourceTitle "playchess.com"]
[Source "ChessBase"]
[SourceQuality "1"]
[TimeControl "40/5400+30:1800+30"]

1. d4 Nf6 2. Bg5 Ne4 3. Bf4 d5 4. e3 e6 5. Bd3 c5 6. Bxe4 {[%emt 0:02:42] A45: Trompowsky Attack.} dxe4 7. Nc3 cxd4 8. exd4 {[%emt 0:13:36] [#] White is slightly better.} ({Much worse is} 8. Nxe4 e5 9. Bg3 Qd5 $15) (8. Qxd4 {simplifies} Qxd4 9. exd4 Bb4 10. Nge2) 8... Bd6 $146 ({Predecessor:} 8... Nc6 9. Nge2 Bb4 10. O-O Bxc3 11. bxc3 O-O 12. c4 e5 13. Bxe5 Nxe5 14. dxe5 Be6 {1-0 (70) Fier,A (2583)-Urazayev,A (2438) Chess.com INT 2022}) 9. Bxd6 Qxd6 10. Nxe4 Qb4+ 11. c3 Qxb2 12. Nf3 O-O 13. O-O b6 14. a4 {[%emt 0:03:48] Hoping for d5.} Bb7 (14... Ba6 $5 ) 15. Qd3 (15. Nfg5 {is interesting.} Ba6 16. Re1 h6 17. Nh3) 15... Bxe4 16. Qxe4 Nd7 17. c4 $40 {[%emt 0:04:07][%mdl 128] White has some attack.} Qb4 18. Rfb1 (18. Qc6 $11 {remains equal.} Rfd8 19. Rfb1) 18... Qxc4 $17 19. Rc1 Qb4 20. Rc7 Nf6 21. Qb7 {[%emt 0:00:13][%cal Oc7f7] [#]} Nd5 ({Black should try} 21... Rfb8 $1 $17 22. Qa6 Nd5) 22. Rxf7 $11 Rxf7 23. Qxa8+ Qf8 {[%emt 0:02:42] Active counter play!} 24. Qc6 Rf6 (24... Re7 $11) 25. Re1 Nf4 {[%emt 0:02:26] [#]} (25... h6 $16) 26. Ng5 $2 (26. g3 $1 $18 Ng6 27. Ng5) 26... h6 27. Nxe6 Nxe6 28. Rxe6 Rxf2 {[%emt 0:00:32][%csl Gf8][%cal Rf2f1][%mdl 4096] Endgame KQR-KQR} 29. Re1 {[%emt 0:02:26] Prevents Rf1+.} Rd2 30. Qe6+ ({Reject} 30. Rf1 Qd8 31. Qe6+ Kh8 $17) 30... Kh8 31. Rf1 {[%emt 0:01:05] Against Qf2+} (31. Qe3 $11 {keeps the balance.} Ra2 32. d5) 31... Qd8 $17 32. d5 Qxd5 33. Qg6 (33. Qxd5 $17 {is a better defense.} Rxd5 34. Rf7) 33... Qc5+ (33... Qd4+ $19 34. Kh1 Rd1 35. Qe8+ Kh7) 34. Kh1 Rd8 {[%emt 0:00:26] Prevents Qe8+. White must now prevent ...Qc4.} 35. h3 Qd6 36. Qh5 Qe6 37. Qh4 Re8 38. Qh5 Kh7 39. Qb5 Qe5 40. Qd7 Re7 {[%emt 0:00:21] Against Rf7} 41. Qc8 Qg5 42. Kh2 Re2 43. Qc6 Qe5+ 44. Kg1 Qd4+ 45. Kh2 Qe4 46. Qxe4+ Rxe4 {[%emt 0:00:00] KR-KR} 47. Ra1 (47. a5 $17) 47... a5 $19 48. Kg3 Kg6 49. Kf3 Kf5 50. g4+ Ke5 51. h4 g5 52. hxg5 (52. Kg3 $142 Re3+ 53. Kg2) 52... hxg5 53. Rb1 Rf4+ ({Not} 53... Rxa4 54. Rb5+ Kd4 55. Rxb6 $19) 54. Kg3 Rb4 55. Rf1 Rxa4 56. Rf5+ Kd6 57. Rxg5 Ra1 {[%emt 0:00:00] Strongly threatening ...a4.} 58. Rf5 a4 {[%emt 0:00:00][%cal Ba5a4,Ba4a3,Ba3a2][%mdl 32] ...a3 is the strong threat.} 59. g5 a3 {[%emt 0:01:21] ( -> ...a2)} 60. Kg2 a2 61. Rf2 {[%emt 0:00:11] [#]} Rg1+ $3 {[%emt 0:00:34][%mdl 512] Weighted Error Value: White=0.55/Black=0.21 (precise)} 0-1